 Dungeon Crawl Stone Soup version 0.30.0-29-ga12c61a403 (webtiles) character file.

Game seed: 11837998930694669141

157 Fodor the Slasher (level 5, -8/47 HPs)
             Began as a Minotaur Fighter on June 8, 2023.
             Mangled by a gnoll
             ... wielding a +0 halberd
              (12 damage)
             ... on level 3 of the Dungeon.
             The game lasted 00:13:19 (2189 turns).

Fodor the Slasher (Minotaur Fighter)                Turns: 2189, Time: 00:13:20

Health: -8/47      AC: 10    Str: 21    XL:     5   Next: 15%
Magic:  4/4        EV:  7    Int:  5    God:
Gold:   129        SH:  8    Dex: 11    Spells: 4/4 levels left

rFire   . . .        a - +0 long sword
rCold   . . .        p - +0 kite shield
rNeg    . . .        s - +0 chain mail
rPois   .            (helmet restricted)
rElec   .            (no cloak)
rCorr   .            n - +0 pair of gloves
SInv    .            (no boots)
Will    .....        (no amulet) Stlth
                     (no ring)
HPRegen 0.27/turn    (no ring)
MPRegen 0.09/turn

%: no passive effects
@: no status effects
A: horns 2, retaliatory headbutt
a: no special abilities


You were on level 3 of the Dungeon.
You visited 1 branch of the dungeon, and saw 3 of its levels.

You collected 129 gold pieces.

Inventory:

Hand Weapons
 a - a +0 long sword (weapon)
Missiles
 k - 5 poisoned darts (quivered)
 m - 41 stones
Armour
 b - a +0 scale mail
 e - a scarf of shadows
 n - a +0 pair of gloves (worn)
 p - a +0 kite shield (worn)
 s - a +0 chain mail (worn)
Jewellery
 o - a ring of wizardry
Scrolls
 c - 3 scrolls of teleportation {unknown}
 f - a scroll of noise {unknown}
 i - 2 scrolls of identify {unknown}
 l - 3 scrolls of torment
 r - a scroll of immolation {unknown}
Potions
 d - a potion of might
 g - a potion of curing {unknown}
 h - a potion of resistance {unknown}
 j - a potion of degeneration {unknown}
 q - 2 potions of magic {unknown}


   Skills:
 + Level 4.3 Fighting
 + Level 4.6 Long Blades
 + Level 4.4 Armour
 + Level 1.1 Dodging
 + Level 4.2 Shields


You had 4 spell levels left.
You didn't know any spells.
Your spell library contained the following spells:

 Spells                   Type           Power      Damage    Failure   Level
 Lesser Beckoning         Tloc           0%         N/A       100%        2
 Gell's Gravitas          Tloc           0%         N/A       100%        3
 Teleport Other           Tloc           0%         N/A       100%        3


Dungeon Overview and Level Annotations

Branches:
Dungeon (3/15)

Altars:

Shops:
D:2 (((


Innate Abilities, Weirdness & Mutations

You have a pair of horns on your head.
You reflexively headbutt those who attack you in melee.


Message History

2 gnolls come into view.
The gnoll shouts! x2; You hear a shout!
A gnoll comes into view. It is wielding a +0 halberd.
There are monsters nearby!
The gnoll hits you with a +0 spear.
You hit the gnoll. You headbutt the gnoll!
The gnoll is almost dead.
The gnoll hits you but does no damage. The gnoll barely misses you.
You hit the gnoll but do no damage.
The gnoll is almost dead.
The gnoll hits you from afar with a +0 halberd!
You block the gnoll's attack. The gnoll hits you with a +0 spear.
The gnoll barely misses you.
You barely miss the gnoll. Your headbutt misses the gnoll.
The gnoll is almost dead.
You block the gnoll's attack.
The gnoll hits you from afar with a +0 halberd!
You barely miss the gnoll.
The gnoll is almost dead.
The gnoll hits you with a +0 spear. The gnoll barely misses you.
You closely miss the gnoll.
The gnoll is almost dead.
The gnoll closely misses you. You block the gnoll's attack.
The gnoll hits you with a +0 spear. The gnoll barely misses you.
You closely miss the gnoll. You headbutt the gnoll.
You kill the gnoll!
You block the gnoll's attack.
The gnoll hits you from afar with a +0 halberd!
* * * LOW HITPOINT WARNING * * *
You block the gnoll's attack.
You see here a +0 spear.
You barely miss the gnoll. You headbutt the gnoll.
The gnoll is lightly wounded.
The gnoll hits you from afar with a +0 halberd!
* * * LOW HITPOINT WARNING * * *
You block the gnoll's attack.
You hit the gnoll. You headbutt the gnoll.
You kill the gnoll!
The gnoll hits you from afar with a +0 halberd!
You die...

.)....†.....#.#
............#.#
...........##.#
...........##.#
..............#
............†.##
...........#.).# #
##############.###.##
#..@)g.# #####......
..##. .# #


You could see a gnoll.

Vanquished Creatures
  A hound (D:3)
  3 gnolls (D:3)
  3 adders
  2 worms (D:2)
  4 dart slugs
  7 ball pythons
  5 endoplasms
  4 giant cockroaches
  7 goblins
  3 hobgoblins
  7 kobolds
  3 quokkas
  7 bats
  7 frilled lizards
  8 rats
71 creatures vanquished.

Notes
Turn   | Place    | Note
-------+----------+-------------------------------------------
     0 | D:1      | Fodor the Minotaur Fighter began the quest for the Orb.
     0 | D:1      | Reached XP level 1. HP: 19/19 MP: 0/0
    16 | D:1      | You fall into a shaft and drop 1 floor!
    33 | D:2      | Found Agurarobb's Weapon Emporium.
    51 | D:2      | Reached XP level 2. HP: 11/27 MP: 1/1
   158 | D:2      | Found Voqerghaef's Antique Weapon Shoppe.
   450 | D:1      | Reached XP level 3. HP: 33/33 MP: 2/2
  1084 | D:2      | Found Zaevehaj's Weapon Emporium.
  1424 | D:2      | Reached XP level 4. HP: 35/40 MP: 3/3
  2058 | D:3      | Reached skill level 1 in Dodging
  2177 | D:3      | Reached XP level 5. HP: 47/47 MP: 4/4
  2189 | D:3      | Mangled by a gnoll

Illustrated notes

Levels and vault maps discovered:
D:1:      dpeg_arrival_castle, layout_basic
D:2:      layout_basic, serial_shops, shop, nicolae_shop_statue_plus, shop,
          lexackson_kobold_supper
D:3:      layout_basic, ebering_ghost_reflecting_pool,
          minmay_misc_feat_nine_boxes, kennysheep_jessica_study

Skill      XL: |  1  2  3  4 |
---------------+-------------+-----
Fighting       | 4 |  4.3
Long Blades    | 3 4 |  4.6
Armour         | 4 |  4.4
Shields        | 4 |  4.2
Dodging        | 1 |  1.1

Action                     |  1- 3 |  4- 6 || total
---------------------------+-------+-------++-------
  Melee: Long sword        |    90 |    77 ||   167
         Headbutt          |    10 |    13 ||    23
  Throw: Dart              |     1 |       ||     1
    Use: Scroll            |       |     1 ||     1
 Armour: Scale mail        |    45 |    18 ||    63
         Chain mail        |       |    20 ||    20
  Dodge: Dodged            |    59 |    34 ||    93
  Block: Buckler           |    12 |       ||    12
         Kite shield       |    11 |    45 ||    56
